[Event "Titled Tuesday Blitz March 01 Early 2022"]
[White "Fier, Alexandr"]
[Black "Topalov, Aleksandar"]
[WhiteFideId "2107139"]
[BlackFideId "925659"]
[WhiteElo "2569"]
[BlackElo "2098"]
[Result "1-0"]
[Round "07"]
[TimeControl "180+1"]
[Date "2022.03.01"]
[WhiteClock "0:00:43"]
[BlackClock "0:00:05"]

1. e4 e6 2. Nf3 d5 3. e5 Ne7 4. b4 Nf5 5. c3 c6 6. d4 b6 7. h4 h5 8. Bd3 Ba6 9. Bc2 g6 10. a4 Be7 11. Na3 Qd7 12. b5 Bxa3 13. Bxa3 cxb5 14. Ng5 bxa4 15. Bxa4 Bb5 16. Bc2 Nc6 17. g4 hxg4 18. Qxg4 O-O-O 19. Rb1 Bc4 20. Nf3 Kb7 21. Nd2 Ba6 22. Ba4 Qc7 23. Nb3 Ka8 24. Kd2 Rc8 25. Rbc1 Bc4 26. Na1 Na5 27. h5 Ba6 28. Bb4 gxh5 29. Qg5 Nc4+ 30. Kc2 Na3+ 31. Kb3 Nb5 32. Qf4 h4 33. Kb2 Qc4 34. Bb3 Qc7 35. Bc2 Qd7 36. Bxf5 exf5 37. Nc2 Nc7 38. Ne3 Bd3 39. Rxh4 Na6 40. Rxh8 Rxh8 41. Qg5 Nxb4 42. cxb4 Qb5 43. Qe7 Bc4 44. Ra1 a5 45. Nd1 Rh2 46. Kc1 Be2 47. Nc3 Qc4 48. Qf8+ Ka7 49. Qxf7+ Ka6 50. b5+ Qxb5 51. Nxb5 Bxb5 52. Qxd5 Rxf2 53. Qa8# 1-0


[Site "https://www.chess.com"]

[Event "Titled Tuesday Blitz March 01 Early 2022"]
[White "Gabdrakhmanov, Azat"]
[Black "Jones, Gawain C B"]
[WhiteFideId "34189197"]
[BlackFideId "409561"]
[WhiteElo "2279"]
[BlackElo "2657"]
[Result "0-1"]
[Round "07"]
[TimeControl "180+1"]
[Date "2022.03.01"]
[WhiteClock "0:00:05"]
[BlackClock "0:01:07"]

1. e4 e5 2. Nf3 Nc6 3. Bb5 a6 4. Ba4 Nf6 5. O-O d6 6. Re1 Bd7 7. c3 g6 8. d4 Bg7 9. Nbd2 O-O 10. h3 exd4 11. cxd4 Nb4 12. Bxd7 Qxd7 13. Qb3 a5 14. a3 Nc6 15. d5 Ne7 16. Nf1 a4 17. Qd3 c6 18. dxc6 Nxc6 19. Bg5 Rfe8 20. Rad1 h6 21. Bh4 Nh5 22. Qd2 Qe6 23. g4 Nf6 24. Ng3 g5 25. Bxg5 hxg5 26. Nxg5 Qe5 27. Nf5 Nh7 28. Nxh7 Kxh7 29. Qg5 Re6 30. Rd5 Qf6 31. Qh5+ Kg8 32. Red1 Ne5 33. Rxd6 Qg6 34. Qxg6 Nxg6 35. Rxe6 fxe6 36. Ne3 Bxb2 37. Nc4 Bg7 38. Rd7 b5 39. Nd6 b4 40. axb4 a3 0-1


[Site "https://www.chess.com"]

[Event "Titled Tuesday Blitz March 01 Early 2022"]
[White "Gabrielian, Artur"]
[Black "Hamley, Ryan"]
[WhiteFideId "4131002"]
[BlackFideId "30959497"]
[WhiteElo "2440"]
[BlackElo "2568"]
[Result "1-0"]
[Round "07"]
[TimeControl "180+1"]
[Date "2022.03.01"]
[WhiteClock "0:01:40"]
[BlackClock "0:02:05"]

1. e4 e5 2. Nc3 Nf6 3. g3 g6 4. Nf3 Bg7 5. Nxe5 Qe7 6. d4 d6 7. Nd3 Nxe4 8. Nd5 Qd8 9. Bg2 Nf6 10. Bg5 h6 11. Qe2+ Kf8 12. Bxf6 Bxf6 13. Nxf6 Qxf6 14. O-O-O c6 15. Rhe1 Kg7 16. Qe7 Nd7 17. Nf4 Rd8 18. Ne6+ 1-0


[Site "https://www.chess.com"]

[Event "Titled Tuesday Blitz March 01 Early 2022"]
[White "Garriga Cazorla, Pere"]
[Black "Kanyamarala, Tarun"]
[WhiteFideId "32011601"]
[BlackFideId "45004714"]
[WhiteElo "2458"]
[BlackElo "2144"]
[Result "1/2-1/2"]
[Round "07"]
[TimeControl "180+1"]
[Date "2022.03.01"]
[WhiteClock "0:00:01"]
[BlackClock "0:00:15"]

1. d4 f5 2. c4 Nf6 3. Nc3 d6 4. Bg5 e6 5. e4 fxe4 6. Nxe4 Be7 7. Bxf6 Bxf6 8. Nf3 O-O 9. h4 c5 10. Neg5 cxd4 11. Bd3 g6 12. Qc2 Kg7 13. O-O-O Nc6 14. a3 Ne7 15. Kb1 Nf5 16. Nxh7 Kxh7 17. g4 Kg7 18. gxf5 gxf5 19. h5 Qe7 20. h6+ Kh8 21. Rde1 Qf7 22. Reg1 Bd7 23. Ng5 Bxg5 24. Rxg5 Rg8 25. f4 Qf6 26. Qd2 Bc6 27. Re1 Qxh6 28. Re2 Rxg5 29. fxg5 Qg7 30. Rxe6 Re8 31. Rf6 Be4 32. Bxe4 fxe4 33. Qh2+ Kg8 34. Qxd6 e3 35. Rg6 e2 36. Rxg7+ Kxg7 37. Qxd4+ Kg8 38. Qd5+ Kf8 39. Qf5+ Kg8 40. Qg6+ Kf8 41. Qf6+ Kg8 42. Qg6+ Kf8 43. Qf5+ Kg8 44. Qd5+ Kf8 45. Qf3+ Kg8 46. Qd5+ 1/2-1/2


[Site "https://www.chess.com"]

[Event "Titled Tuesday Blitz March 01 Early 2022"]
[White "Gatterer, Florian"]
[Black "Piliczewski, Bogusz"]
[WhiteFideId "811688"]
[BlackFideId "1104144"]
[WhiteElo "2218"]
[BlackElo "1896"]
[Result "1-0"]
[Round "07"]
[TimeControl "180+1"]
[Date "2022.03.01"]
[WhiteClock "0:00:48"]
[BlackClock "0:00:13"]

1. c4 c6 2. Nf3 d5 3. e3 Nf6 4. Nc3 Bf5 5. Qb3 Qb6 6. cxd5 Qxb3 7. axb3 cxd5 8. Nb5 Kd8 9. Rxa7 Rxa7 10. Nxa7 e6 11. Nb5 Nc6 12. Nbd4 Bg6 13. Nxc6+ bxc6 14. Ne5 Kc7 15. d3 Bd6 16. Nxg6 hxg6 17. Bd2 Rb8 18. Kd1 Rxb3 19. Kc2 Rb8 20. Be2 c5 21. h3 Nd7 22. f4 f6 23. h4 e5 24. g3 Kc6 25. Bf3 f5 26. e4 Nf6 27. exd5+ Nxd5 28. b3 Re8 29. Re1 Bb8 30. Bc3 Bd6 31. Bxe5 Bxe5 32. fxe5 Re6 33. Re2 g5 34. hxg5 Rg6 35. e6 Kd6 36. Bxd5 Kxd5 37. e7 1-0


[Site "https://www.chess.com"]

[Event "Titled Tuesday Blitz March 01 Early 2022"]
[White "Gerbelli Neto, Eduardo"]
[Black "Qashashvili, Alexandre"]
[WhiteFideId "2103281"]
[BlackFideId "13600842"]
[WhiteElo "2178"]
[BlackElo "2316"]
[Result "0-1"]
[Round "07"]
[TimeControl "180+1"]
[Date "2022.03.01"]
[WhiteClock "0:01:40"]
[BlackClock "0:02:42"]

1. e4 c6 2. d4 d6 3. Nc3 Nf6 4. Be2 g6 5. g4 h6 6. Qd3 Bg7 7. g5 hxg5 8. Bxg5 Bg4 9. f3 Bh5 10. O-O-O Qa5 11. e5 Nd5 12. Nxd5 Qxd5 13. c4 Qa5 14. exd6 Qxg5+ 0-1


[Site "https://www.chess.com"]

[Event "Titled Tuesday Blitz March 01 Early 2022"]
[White "Golubka, Petro"]
[Black "Bambino Filho, Antonio Carlos"]
[WhiteFideId "14114224"]
[BlackFideId "2113163"]
[WhiteElo "2392"]
[BlackElo "2447"]
[Result "1/2-1/2"]
[Round "07"]
[TimeControl "180+1"]
[Date "2022.03.01"]
[WhiteClock "0:00:11"]
[BlackClock "0:00:14"]

1. e4 c5 2. b3 Nc6 3. Bb2 e6 4. Bb5 Nge7 5. Nf3 a6 6. Bxc6 Nxc6 7. Qe2 Be7 8. Bxg7 Rg8 9. Bb2 Rxg2 10. Nc3 d6 11. O-O-O Bf6 12. Kb1 Qe7 13. Na4 Bxb2 14. Nxb2 Bd7 15. Nc4 b5 16. Nb6 Rb8 17. Nxd7 Qxd7 18. d4 c4 19. d5 Ne7 20. dxe6 Qxe6 21. Nd4 Qf6 22. Nf5 Nxf5 23. exf5+ Kf8 24. Qf3 Rg5 25. Rd5 cxb3 26. axb3 Re8 27. Rhd1 Re5 28. Rxd6 Qxf5 29. Qa8+ Kg7 30. Rd8 Re2 31. Rg8+ Kh6 32. Qxa6+ Rg6 33. Rxg6+ fxg6 34. Qc6 Qxf2 35. h4 Re1 36. Rxe1 Qxe1+ 37. Kb2 b4 38. Qf6 Qe4 39. Qg5+ Kg7 40. c4 Qe2+ 41. Kc1 Qe1+ 42. Kc2 Qc3+ 43. Kd1 Qxb3+ 44. Kd2 Qc3+ 45. Kd1 Qxc4 46. Qe7+ Kg8 47. Qe8+ Kg7 48. Qe7+ Qf7 49. Qxb4 Qd5+ 50. Ke2 Qe5+ 51. Kf2 Qf5+ 52. Kg3 Qe5+ 53. Kf3 Qf6+ 54. Kg3 Kh6 55. Qe4 Qf5 56. Qe3+ Kg7 57. Qe7+ Qf7 58. Qe5+ Qf6 59. Qc7+ Kh6 60. Qc1+ g5 61. hxg5+ Qxg5+ 62. Qxg5+ Kxg5 63. Kh3 1/2-1/2


[Site "https://www.chess.com"]

[Event "Titled Tuesday Blitz March 01 Early 2022"]
[White "Gracia Alvarez, Gerardo Antonio"]
[Black "Wagner, Dennis"]
[WhiteFideId "5109124"]
[BlackFideId "24650684"]
[WhiteElo "2139"]
[BlackElo "2355"]
[Result "0-1"]
[Round "07"]
[TimeControl "180+1"]
[Date "2022.03.01"]
[WhiteClock "0:00:33"]
[BlackClock "0:00:45"]

1. c4 e6 2. Nf3 d5 3. e3 Nf6 4. b3 Be7 5. Bb2 O-O 6. Be2 b6 7. cxd5 exd5 8. O-O Bb7 9. d4 Nbd7 10. Ne5 Nxe5 11. dxe5 Ne4 12. Nd2 Bb4 13. Nxe4 dxe4 14. Qxd8 Rfxd8 15. Rfd1 Bd2 16. Kf1 c5 17. Bc4 a6 18. a4 Kf8 19. Ke2 Bb4 20. Rxd8+ Rxd8 21. Rd1 Rxd1 22. Kxd1 Ke7 23. Ke2 h5 24. h4 Bc8 25. f3 exf3+ 26. gxf3 Be6 27. e4 b5 28. axb5 axb5 29. Bxe6 Kxe6 30. f4 g6 31. Bc1 c4 32. bxc4 bxc4 33. Be3 Bc3 34. Bf2 Kd7 35. Bg3 Kc6 36. Kd1 Kc5 37. f5 gxf5 38. exf5 Kd5 39. e6 fxe6 40. fxe6 Kxe6 41. Kc2 Bd4 42. Bf4 Bf6 43. Bg3 Kf5 0-1


[Site "https://www.chess.com"]

[Event "Titled Tuesday Blitz March 01 Early 2022"]
[White "Dronavalli, Harika"]
[Black "Manolache, Marius"]
[WhiteFideId "5015197"]
[BlackFideId "1201530"]
[WhiteElo "2382"]
[BlackElo "2389"]
[Result "0-1"]
[Round "07"]
[TimeControl "180+1"]
[Date "2022.03.01"]
[WhiteClock "0:00:05"]
[BlackClock "0:00:17"]

1. Nf3 Nf6 2. c4 e6 3. g3 d5 4. b3 g6 5. Bb2 Bg7 6. Bg2 O-O 7. O-O Nbd7 8. e3 b6 9. Qe2 Bb7 10. Rd1 Re8 11. Nc3 a6 12. d4 Qe7 13. a4 a5 14. Ba3 Qd8 15. Nb5 Bf8 16. Bxf8 Rxf8 17. Rac1 Rc8 18. c5 Ba6 19. c6 Nb8 20. Ne5 Qe7 21. Bf1 Rfd8 22. Qc2 Ne4 23. Na7 h5 24. Nxc8 Rxc8 25. f3 Nf6 26. Bd3 Rd8 27. Qe2 Bxd3 28. Qxd3 Kg7 29. Rc2 Rd6 30. Rdc1 Nh7 31. Rc3 Nf8 32. Qc2 Na6 33. Qe2 Nb4 34. Nd3 Nxd3 35. Qxd3 Qd8 36. R3c2 Nh7 37. Kg2 h4 38. Qc3 Ng5 39. g4 Qf6 40. Rf1 h3+ 41. Kh1 Qe7 42. Qe1 Qe8 43. Qg3 f6 44. Rfc1 Qe7 45. Kg1 Qf8 46. Rc3 Qe7 47. R3c2 Qd8 48. Kf2 Qe7 49. Ke2 Qd8 50. Kd1 Qe7 51. Rc3 Rd8 52. Kc2 Rb8 53. Kb2 Rh8 54. R3c2 Rb8 55. Ka2 Rh8 56. Kb1 Rd8 57. Rc3 Rb8 58. Kb2 Rh8 59. R1c2 Rd8 60. Qf2 Rd6 61. Qf1 Rd8 62. Rc1 Rb8 63. Ka2 Rd8 64. R3c2 Rh8 65. Qe2 Rd8 66. Rb1 Ra8 67. Qf1 Rd8 68. Rcb2 Ra8 69. Rc1 Ra7 70. Re2 Ra8 71. Qd1 Rd8 72. Re1 Qb4 73. Re2 Qe7 74. Rec2 Rd6 75. Qf1 Rd8 76. f4 Ne4 77. Qxh3 Rh8 78. Qf1 Rh4 79. h3 Qb4 80. Qb5 Qxb5 81. axb5 Rxh3 82. Re2 Nd6 83. Kb2 Nxb5 84. g5 Nd6 85. gxf6+ Kxf6 86. Rg1 Nf5 87. Reg2 Ne7 88. Rg3 Rh2+ 89. R1g2 Rh1 90. Ka3 Ra1+ 91. Ra2 Re1 92. Rag2 Rc1 93. Kb2 Rxc6 94. Rh3 Kg7 95. Rgh2 Kf6 96. Rh7 Rd6 97. Rh8 Kf5 98. R2h7 Nc6 99. Rxc7 Ke4 100. Rhc8 Nb4 101. Rc3 Nd3+ 102. Kc2 Nf2 103. Rg8 Ng4 104. Rxg6 Nxe3+ 105. Rxe3+ Kxe3 106. f5 Kxd4 107. fxe6 Rc6+ 108. Kb2 Rc7 109. Rf6 Re7 110. Ka3 b5 111. Rh6 Ke5 112. Rh2 Rxe6 113. Rc2 Kd6 114. Rc8 Re1 115. Rb8 Kc6 116. Rc8+ Kb7 117. Rd8 Re2 118. Rd6 Kc7 119. Rxd5 Kc6 120. Rh5 b4+ 0-1


[Site "https://www.chess.com"]

[Event "Titled Tuesday Blitz March 01 Early 2022"]
[White "Heinemann, Josefine"]
[Black "Muhammed, Shuaau"]
[WhiteFideId "12900460"]
[BlackFideId "16700406"]
[WhiteElo "2300"]
[BlackElo "1674"]
[Result "0-1"]
[Round "07"]
[TimeControl "180+1"]
[Date "2022.03.01"]
[WhiteClock "0:00:49"]
[BlackClock "0:01:26"]

1. e4 e5 2. Nf3 Nc6 3. Bc4 Nf6 4. d3 Be7 5. O-O O-O 6. Re1 d6 7. a3 Bg4 8. c3 Qd7 9. Nbd2 Be6 10. b4 Bxc4 11. Nxc4 Rfe8 12. b5 Nd8 13. a4 Bf8 14. Bg5 Qe6 15. Ne3 c6 16. Nh4 g6 17. Qf3 Nd7 18. Ng4 h5 19. Nf6+ Nxf6 20. Bxf6 Be7 21. Bxe7 Qxe7 22. g3 Ne6 23. Qe3 Qg5 24. Nf3 Qxe3 25. Rxe3 cxb5 26. axb5 a6 27. bxa6 Rxa6 28. Rb1 Rb8 29. Re2 Ra3 30. Rc2 b5 31. Ne1 Nc5 32. Kf1 Na4 33. c4 b4 34. Ng2 b3 35. Rcc1 b2 0-1


[Site "https://www.chess.com"]

[Event "Titled Tuesday Blitz March 01 Early 2022"]
[White "Hess, Robert"]
[Black "Paravyan, David"]
[WhiteFideId "2022036"]
[BlackFideId "4194985"]
[WhiteElo "2557"]
[BlackElo "2569"]
[Result "1/2-1/2"]
[Round "07"]
[TimeControl "180+1"]
[Date "2022.03.01"]
[WhiteClock "0:00:04"]
[BlackClock "0:00:33"]

1. d4 Nf6 2. c4 g6 3. Nc3 d5 4. cxd5 Nxd5 5. Bd2 Bg7 6. Nf3 c5 7. Nxd5 Qxd5 8. Bc3 O-O 9. e3 Nc6 10. dxc5 Bxc3+ 11. bxc3 Qxc5 12. Rc1 Bg4 13. Be2 Rfd8 14. Qb3 Bxf3 15. Bxf3 Ne5 16. O-O Nxf3+ 17. gxf3 Rd7 18. Rfd1 Rad8 19. f4 e6 20. Rxd7 Rxd7 21. c4 b6 22. Rc3 Rd2 23. Rd3 Qa5 24. a3 Kg7 25. Kg2 h5 26. Kf3 Kg8 27. Kg2 Kf8 28. Kf3 Ke7 29. Rxd2 Qxd2 30. Qa4 Qd7 31. Qb4+ Ke8 32. Ke2 Qc6 33. Qc3 Ke7 34. Qb4+ Qd6 35. Qa4 Qc7 36. Qb4+ Qd6 37. Qa4 a5 38. Qb3 Qc5 39. Kd3 Kd6 40. Ke2 Kc7 41. Qc3 Kd7 42. Qd3+ Ke7 43. Qb3 h4 44. Qd3 h3 45. Kf3 Qc6+ 46. e4 f5 47. Qd4 Kf7 48. Kg3 fxe4 49. Kxh3 e3 50. fxe3 Qf3+ 51. Kh4 Qf2+ 52. Kh3 Qf3+ 53. Kh4 Qf2+ 54. Kh3 Qf3+ 1/2-1/2


[Site "https://www.chess.com"]

[Event "Titled Tuesday Blitz March 01 Early 2022"]
[White "Hoffmann, Asa"]
[Black "Karabalis, Harilos"]
[WhiteFideId "2001470"]
[BlackFideId "4621808"]
[WhiteElo "2117"]
[BlackElo "2168"]
[Result "0-1"]
[Round "07"]
[TimeControl "180+1"]
[Date "2022.03.01"]
[WhiteClock "0:00:38"]
[BlackClock "0:00:46"]

1. d4 Nf6 2. Bg5 d5 3. Nd2 Bf5 4. e3 Nbd7 5. c4 c6 6. Qb3 Qb6 7. c5 Qxb3 8. axb3 a6 9. b4 Rc8 10. Ngf3 h6 11. Bh4 g5 12. Bg3 Nh5 13. Nb3 Nxg3 14. hxg3 Bg7 15. Na5 Rc7 16. Kd2 O-O 17. Bd3 Be4 18. Bxe4 dxe4 19. Ne1 e5 20. Nc2 exd4 21. exd4 Rd8 22. Rad1 Nf6 23. Kc3 Nd5+ 24. Kc4 Re7 25. Rde1 f5 26. Ne3 Rf7 27. g4 Nxe3+ 28. fxe3 fxg4 29. Ref1 Rdf8 30. Rxf7 Rxf7 31. d5 cxd5+ 32. Kxd5 Re7 33. Nc4 Kh7 34. Nd6 Re5+ 35. Kc4 Re7 36. b3 Kg6 37. b5 axb5+ 38. Nxb5 Re5 39. Nd6 Re7 40. b4 h5 41. b5 h4 42. Rf1 Be5 43. Kd5 h3 44. gxh3 gxh3 45. Nxe4 h2 46. Nf2 Bc7 47. e4 Rf7 48. e5 Rxf2 49. Rxf2 h1=Q+ 50. Ke6 Bxe5 51. Kxe5 Qe1+ 52. Kd6 Qxf2 53. Kc7 Qxc5+ 54. Kxb7 Qxb5+ 0-1


[Site "https://www.chess.com"]

[Event "Titled Tuesday Blitz March 01 Early 2022"]
[White "Horak, Martin"]
[Black "Tanenbaum, Zachary"]
[WhiteFideId "367095"]
[BlackFideId "2060850"]
[WhiteElo "1997"]
[BlackElo "2168"]
[Result "1-0"]
[Round "07"]
[TimeControl "180+1"]
[Date "2022.03.01"]
[WhiteClock "0:00:15"]
[BlackClock "0:00:09"]

1. d4 d5 2. c4 Bf5 3. Nc3 e6 4. Nf3 c6 5. Bf4 Bd6 6. Bxd6 Qxd6 7. e3 Nd7 8. Bd3 Bg6 9. O-O Ngf6 10. Re1 O-O 11. Bxg6 hxg6 12. e4 dxe4 13. Nxe4 Nxe4 14. Rxe4 Rfd8 15. Qc2 c5 16. Rd1 Nf6 17. Ree1 Rac8 18. dxc5 Qxc5 19. h3 a5 20. b3 b6 21. Rxd8+ Rxd8 22. Rd1 Rd6 23. Rxd6 Qxd6 24. Qd2 Qxd2 25. Nxd2 Kf8 26. Kf1 Ke7 27. Ke2 Nd7 28. Kd3 Ne5+ 29. Kd4 Nc6+ 30. Kc3 f5 31. a3 e5 32. b4 Kd6 33. Nf3 Nd8 34. Nh4 Ke6 35. Nxg6 Kf6 36. Nh4 e4 37. g3 g5 38. Ng2 Ke5 39. h4 gxh4 40. Nxh4 Ne6 41. Ng6+ Kf6 42. Nf4 Ng5 43. c5 axb4+ 44. Kxb4 bxc5+ 45. Kxc5 e3 46. Nd5+ Ke6 47. Nxe3 Ne4+ 48. Kb6 Nxf2 49. a4 Nd3 50. a5 Nb4 51. Kb5 Na2 52. a6 Nc3+ 53. Kc6 Ne2 54. a7 Nd4+ 55. Kb6 Nf3 56. a8=Q Ne5 57. Qd5+ Kf6 58. Qd6+ Kg5 59. Qxe5 Kh6 60. Qxf5 Kg7 61. Qe6 Kh7 62. Kc6 Kg7 63. Kd5 Kh7 64. Ke5 Kg7 65. Kf5 Kh7 66. Kg5 Kg7 67. Qd7+ Kg8 68. Kf6 Kf8 69. Qc8# 1-0


[Site "https://www.chess.com"]

[Event "Titled Tuesday Blitz March 01 Early 2022"]
[White "Iljin, Timofey"]
[Black "Csonka, Balazs"]
[WhiteFideId "14110180"]
[BlackFideId "742910"]
[WhiteElo "2396"]
[BlackElo "2404"]
[Result "1-0"]
[Round "07"]
[TimeControl "180+1"]
[Date "2022.03.01"]
[WhiteClock "0:00:48"]
[BlackClock "0:00:04"]

1. e4 e6 2. d4 d5 3. e5 c5 4. c3 Nc6 5. Nf3 Qb6 6. Bd3 cxd4 7. cxd4 Bd7 8. O-O Nxd4 9. Nxd4 Qxd4 10. Nc3 a6 11. Qe2 Ne7 12. Kh1 Nc6 13. f4 Be7 14. a3 Qb6 15. f5 O-O-O 16. Bf4 Kb8 17. Rac1 Ka8 18. b4 Bc8 19. Na4 Qa7 20. Be3 d4 21. Bg1 exf5 22. Bxf5 Be6 23. Be4 Bd5 24. Bxd5 Rxd5 25. Rxf7 Rxe5 26. Qf3 Rc8 27. Rxg7 h5 28. Qg3 Bd6 29. Rg8 Rxg8 30. Qxg8+ Qb8 31. Nb6+ Ka7 32. Nc8+ Ka8 33. Nb6+ Ka7 34. Qc4 Kxb6 35. Bxd4+ Kc7 36. Bxe5 Bxe5 37. Re1 Qe8 38. a4 Kb8 39. b5 axb5 40. axb5 Na7 41. Qc5 Qxb5 42. Qxb5 Nxb5 43. Rxe5 Nd4 44. Rxh5 Kc7 45. Rd5 Ne6 46. Rd1 b5 47. h4 b4 48. h5 1-0


[Site "https://www.chess.com"]

[Event "Titled Tuesday Blitz March 01 Early 2022"]
[White "Indjic, Aleksandar"]
[Black "Boruchovsky, Avital"]
[WhiteFideId "911925"]
[BlackFideId "2800055"]
[WhiteElo "2616"]
[BlackElo "2469"]
[Result "1/2-1/2"]
[Round "07"]
[TimeControl "180+1"]
[Date "2022.03.01"]
[WhiteClock "0:00:23"]
[BlackClock "0:00:11"]

1. d4 Nf6 2. Nf3 g6 3. Bg5 Bg7 4. Nbd2 d5 5. c3 c5 6. e3 Nc6 7. dxc5 O-O 8. Be2 a5 9. a4 e5 10. e4 Be6 11. O-O Qe7 12. exd5 Bxd5 13. Qc2 Qxc5 14. Bxf6 Bxf6 15. Ne4 Bxe4 16. Qxe4 Rad8 17. Rad1 Bg7 18. Rxd8 Rxd8 19. g4 h6 20. Rd1 Rxd1+ 21. Bxd1 Qb6 22. Qd5 e4 23. Bb3 Nd8 24. Nh4 Kh7 25. Ng2 Ne6 26. Qb5 Qxb5 27. axb5 Nc5 28. Bxf7 Na4 29. Bd5 b6 30. c4 Nxb2 31. c5 bxc5 32. b6 a4 33. Ne3 a3 34. Nc2 Be5 35. Nxa3 Na4 36. Nc4 Bf4 37. Bxe4 Kg7 38. h3 g5 39. Kf1 Kf6 40. f3 Ke6 41. Bc6 Nc3 42. Ke1 Nd5 43. b7 Nb4 44. Be4 Kd7 45. Ke2 Kc7 46. Ne3 Kb8 47. Nd5 Nxd5 48. Bxd5 c4 49. Bxc4 Kxb7 50. Kd3 Kc7 51. Ke4 Kd6 52. Kf5 Ke7 53. Kg6 Bg3 54. Kxh6 Kf6 55. Kh5 Bf2 56. f4 gxf4 57. g5+ Kg7 58. Kg4 Be3 59. h4 Bc1 60. h5 f3 61. h6+ Kh8 62. Kh5 f2 63. Kg6 Bb2 64. Be2 Bc3 65. Kf7 Bd2 66. g6 Bxh6 67. Kf6 Bg7+ 68. Kf5 Bc3 69. Kg4 Bg7 70. Kf3 Bd4 71. Kg2 Be3 72. Bd3 Bd4 73. Kf1 Kg7 74. Bc2 Bf6 75. Bd3 Be5 76. Bc2 Bf6 77. Bd3 Bd4 78. Bc2 Be5 79. Bd3 Bd4 1/2-1/2


[Site "https://www.chess.com"]

[Event "Titled Tuesday Blitz March 01 Early 2022"]
[White "Jaferian, Koosha"]
[Black "Oparin, Grigoriy"]
[WhiteFideId "12507440"]
[BlackFideId "24125890"]
[WhiteElo "2027"]
[BlackElo "2685"]
[Result "0-1"]
[Round "07"]
[TimeControl "180+1"]
[Date "2022.03.01"]
[WhiteClock "0:00:07"]
[BlackClock "0:00:12"]

1. Nf3 Nf6 2. b3 d5 3. Bb2 c5 4. e3 Nc6 5. Be2 Bf5 6. d4 e6 7. O-O cxd4 8. Nxd4 Nxd4 9. Bxd4 a6 10. Nd2 Bd6 11. c4 O-O 12. cxd5 exd5 13. Nf3 Ne4 14. Bd3 Qe7 15. Qe2 Rfc8 16. Rac1 Ba3 17. Bb2 Bd6 18. h3 h6 19. Rfd1 Rxc1 20. Rxc1 Rd8 21. Bd4 Bb8 22. Qb2 f6 23. Qe2 Bg6 24. Nh4 Qd6 25. f4 Bh7 26. Qg4 Qf8 27. Nf5 Kh8 28. Ng3 Nxg3 29. Bxh7 Kxh7 30. Qxg3 Bd6 31. Qf3 Qf7 32. Rd1 Qe6 33. Bb2 Bc7 34. Bd4 Ba5 35. Qe2 Qe4 36. Qd3 Rc8 37. Qxe4+ dxe4 38. Rf1 f5 39. Rf2 h5 40. Re2 Rc1+ 41. Kf2 h4 42. Be5 Kg6 43. Bd4 Kf7 44. Be5 g6 45. Bd4 Bb4 46. Bb6 Ke8 47. Bd4 Ke7 48. Bb6 Ke8 49. Bd4 Be7 50. Be5 b5 51. Bb2 Rd1 52. Bd4 Kd7 53. Rc2 a5 54. Be5 a4 55. bxa4 bxa4 56. Rc7+ Ke6 57. Rc6+ Kf7 58. Rc2 Bb4 59. Re2 a3 60. Bd4 Rc1 61. Be5 Ke6 62. Bd4 Ba5 63. g3 hxg3+ 64. Kxg3 Kd5 65. Rg2 Kc4 66. Kh2 Kd3 67. Rxg6 Bd2 68. Rg3 Rc2 69. Kh1 Rxa2 70. h4 Rc2 71. h5 a2 72. h6 Bc3 73. Bxc3 Rxc3 74. Rg1 Rc6 75. Ra1 Rxh6+ 76. Kg2 Ra6 77. Kf2 Kc2 78. Kg3 Kb2 79. Rxa2+ Kxa2 80. Kh4 Ra5 81. Kg5 Kb3 0-1


[Site "https://www.chess.com"]

[Event "Titled Tuesday Blitz March 01 Early 2022"]
[White "Janaszak, Dawid"]
[Black "Zanette, Edgard Vinicius"]
[WhiteFideId "1119206"]
[BlackFideId "2109263"]
[WhiteElo "2199"]
[BlackElo "2182"]
[Result "1-0"]
[Round "07"]
[TimeControl "180+1"]
[Date "2022.03.01"]
[WhiteClock "0:00:11"]
[BlackClock "0:00:08"]

1. d4 d5 2. Bf4 Nf6 3. Nf3 e6 4. e3 c5 5. c3 Bd6 6. Nbd2 Qc7 7. g3 Nbd7 8. Bb5 a6 9. Bd3 b5 10. Qe2 Bb7 11. Bxd6 Qxd6 12. e4 dxe4 13. Nxe4 Nxe4 14. Bxe4 Bxe4 15. Qxe4 O-O 16. O-O Nf6 17. Qh4 cxd4 18. Nxd4 b4 19. c4 h6 20. Rfd1 Qc5 21. Nb3 Qc7 22. Rd4 a5 23. Rad1 a4 24. Nc1 e5 25. R4d3 Rfc8 26. b3 axb3 27. axb3 Ra1 28. Qh3 Re8 29. Ne2 Rxd1+ 30. Rxd1 Qb6 31. Qf5 g6 32. Qd3 Kg7 33. Qd6 Qxd6 34. Rxd6 Ra8 35. Rb6 Ra2 36. Kf1 Ne4 37. Rxb4 Nd2+ 38. Kg2 Ne4 39. Kf3 f5 40. Rb7+ Kf6 41. Rb6+ Kg7 42. Nc1 Rxf2+ 43. Ke3 Rc2 44. Nd3 Rxh2 45. Nxe5 g5 46. Rg6+ Kh7 47. b4 Rb2 48. Rb6 Nxg3 49. c5 f4+ 50. Kf3 Rb3+ 51. Kg4 Ne4 52. Rb7+ Kg8 53. c6 Nd6 54. Rd7 Nb5 55. c7 Nxc7 56. Rxc7 Rxb4 57. Kf5 f3 58. Kg6 Rb6+ 59. Nc6 Kf8 60. Rc8# 1-0


[Site "https://www.chess.com"]

[Event "Titled Tuesday Blitz March 01 Early 2022"]
[White "Jarocka, Liwia"]
[Black "Araujo Filho, Luiz Antonio Coel"]
[WhiteFideId "21807558"]
[BlackFideId "2130661"]
[WhiteElo "1896"]
[BlackElo "2171"]
[Result "1-0"]
[Round "07"]
[TimeControl "180+1"]
[Date "2022.03.01"]
[WhiteClock "0:01:18"]
[BlackClock "0:00:54"]

1. d4 f5 2. Nf3 Nf6 3. g3 g6 4. Bg2 Bg7 5. O-O O-O 6. c4 d6 7. Nc3 Nc6 8. b3 e5 9. Bb2 e4 10. Ne1 h6 11. Nc2 g5 12. a3 Qe7 13. Ne3 Qf7 14. Ned5 Nxd5 15. Nxd5 Be6 16. Nb4 Bd7 17. Nxc6 bxc6 18. Qc1 d5 19. cxd5 cxd5 20. Qxc7 Rfc8 21. Qd6 Rc2 22. Rab1 Rxe2 23. Rfc1 Rc8 24. Rxc8+ Bxc8 25. Bc3 Rc2 26. Bb4 Ba6 27. Qxa6 1-0


[Site "https://www.chess.com"]

[Event "Titled Tuesday Blitz March 01 Early 2022"]
[White "Jary, Sergey"]
[Black "Jumabayev, Rinat"]
[WhiteFideId "14110350"]
[BlackFideId "13702661"]
[WhiteElo "2260"]
[BlackElo "2561"]
[Result "1/2-1/2"]
[Round "07"]
[TimeControl "180+1"]
[Date "2022.03.01"]
[WhiteClock "0:00:12"]
[BlackClock "0:00:04"]

1. e4 e6 2. d4 d5 3. Nd2 c5 4. Ngf3 cxd4 5. exd5 Qxd5 6. Bc4 Qd7 7. O-O Nc6 8. Nb3 Nf6 9. Re1 a6 10. Nbxd4 Nxd4 11. Nxd4 b5 12. Bf1 Bb7 13. c3 Bc5 14. Be3 Nd5 15. Qh5 Nxe3 16. Rxe3 Bxd4 17. Rd1 Qd5 18. Qxd5 Bxd5 19. Rxd4 Bxa2 20. c4 Bxc4 21. Bxc4 bxc4 22. Rxc4 O-O 23. Ra4 Rab8 24. Rxa6 Rxb2 25. h4 h6 26. Ra7 Rb5 27. g3 g5 28. hxg5 hxg5 29. Kg2 Rf5 30. Rea3 Kg7 31. Ra8 Rxa8 32. Rxa8 Rd5 33. Ra6 Kg6 34. g4 Kf6 35. Kg3 Ke5 36. f3 Rc5 37. Ra7 f6 38. Ra6 Kd5 39. Ra7 Ke5 40. Re7 Rd5 41. Rf7 Rd8 42. Rg7 Rf8 43. Rg6 Kd6 44. Rg7 e5 45. Ra7 Rc8 46. Ra6+ Rc6 47. Ra7 Kd5 48. Ra4 Ke6 49. Ra5 Rd6 50. Rb5 Rd4 51. Ra5 Kf7 52. Ra7+ Kg6 53. Ra6 Rd3 54. Kf2 Rc3 55. Rb6 Rc4 56. Ra6 Rd4 57. Ke3 Rb4 58. Kf2 e4 59. fxe4 Rxe4 60. Kf3 Rf4+ 61. Kg3 Rd4 62. Ra3 Kf7 63. Rb3 Ke6 64. Ra3 Ke5 65. Ra5+ Ke4 66. Ra6 Rd3+ 67. Kg2 Ke5 68. Ra5+ Kf4 69. Rf5+ Kxg4 70. Rxf6 Rd2+ 71. Kg1 Kg3 72. Rf1 g4 73. Ra1 Kh3 74. Ra3+ Kh4 75. Ra1 Re2 76. Rb1 Kg3 77. Rb3+ Kf4 78. Rb4+ Kf3 79. Rb3+ Kf4 80. Rb4+ Kg5 81. Rb8 Kh4 82. Rb3 Re4 83. Ra3 Rb4 84. Rc3 Rb1+ 85. Kg2 Rb2+ 86. Kg1 Re2 87. Ra3 Re5 88. Rb3 Kg5 89. Kg2 Kf4 90. Rb4+ Kg5 91. Rb8 Re2+ 92. Kg3 Re3+ 93. Kf2 Rc3 94. Kg2 Kf4 95. Rf8+ Kg5 96. Rg8+ Kf5 97. Rf8+ Ke5 98. Re8+ Kf6 99. Rg8 Kf5 100. Rf8+ Kg5 101. Rg8+ Kf4 102. Rf8+ Ke4 103. Re8+ Kf5 104. Rf8+ 1/2-1/2


[Site "https://www.chess.com"]